 Dungeon Crawl Stone Soup version 0.22.0-6-g71bd7aa6b3 (webtiles) character file.

4727 wisprabbit the Archer (level 10, -5/80 HPs)
             Began as a Centaur Hunter on Aug 14, 2018.
             Was a Believer of Okawaru.
             Slain by a shadow (29 damage)
             ... on level 11 of the Dungeon on Aug 15, 2018.
             The game lasted 01:31:27 (10759 turns).

wisprabbit the Archer (Centaur Hunter)             Turns: 10759, Time: 01:31:28

Health: -5/80      AC:  6    Str: 15    XL:     10   Next: 22%
Magic:  0/10       EV: 12    Int: 10    God:    Okawaru [**....]
Gold:   266        SH:  0    Dex: 19    Spells: 9/9 levels left

rFire    . . .     SeeInvis .     - Unarmed
rCold    . . .     Gourm    .   (no shield)
rNeg     . . .     Faith    .   S - +0 troll leather armour
rPois    .         Spirit   +   z - +0 helmet
rElec    .         Reflect  .   (no cloak)
rCorr    +         Harm     .   (no gloves)
MR       .....                  (no barding)
Stlth    +.........             n - amulet of guardian spirit
HPRegen  0.63/turn              v - +6 ring of dexterity
MPRegen  0.12/turn              J - ring of resist corrosion

@: about to teleport, very quick
A: large, hooves 3, deformed body, speed 2, tough skin 3
a: Heroism, Renounce Religion


You were on level 11 of the Dungeon.
You worshipped Okawaru.
Okawaru was pleased with you.
You were not hungry.

You visited 2 branches of the dungeon, and saw 11 of its levels.

You collected 539 gold pieces.
You spent 273 gold pieces at shops.

Inventory:

Hand Weapons
 a - a +1 shortbow
 b - a +0 short sword
 F - a +3 dagger
 N - a cursed -3 dagger
Missiles
 d - 107 arrows
 l - 270 stones (quivered)
 H - 6 tomahawks
Armour
 w - a +0 shield of cold resistance
 x - a +0 scale mail
 y - a +0 cloak
 z - a +0 helmet (worn)
 A - a cursed +0 plate armour
 B - a +2 buckler
 C - a +0 chain mail of cold resistance
 P - the +1 cloak of Gecudiokk {rF+ MR+ Regen+ Dex-2}
   (You bought it in a shop on level 8 of the Dungeon)

   It affects your dexterity (-2).
   It protects you from fire.
   It affects your resistance to hostile enchantments.
   It increases your rate of regeneration.
 S - a +0 troll leather armour (worn)
Magical Staves
 o - an uncursed staff of cold {unknown}
Jewellery
 n - an amulet of guardian spirit (around neck)
 v - a +6 ring of dexterity (left hand)
 J - a ring of resist corrosion (right hand)
Wands
 c - a wand of digging (10)
 g - a wand of polymorph (30)
 T - a wand of flame (30)
Scrolls
 q - 3 scrolls of fog {unknown}
 r - 2 scrolls of magic mapping {unknown}
 t - a scroll of enchant armour {unknown}
 u - a scroll of random uselessness {unknown}
 E - 4 scrolls of remove curse
 G - a scroll of blinking
 L - a scroll of noise {unknown}
 M - a scroll of enchant weapon {unknown}
 Q - a scroll of vulnerability {unknown}
 R - 2 scrolls of amnesia {unknown}
Potions
 e - a potion of heal wounds
 h - 2 potions of magic
 i - a potion of invisibility
 j - 3 potions of haste
 k - 2 potions of curing
 m - 2 potions of lignification
 p - 2 potions of brilliance
 s - a potion of flight
 D - 2 potions of ambrosia
 I - a potion of degeneration
 K - 2 potions of might
Comestibles
 f - 8 rations


   Skills:
 + Level 4.4 Fighting
 * Level 12.1 Bows
 + Level 2.1 Throwing
 + Level 3.5 Armour
 * Level 4.1 Dodging
 - Level 0.4 Stealth
 + Level 0.3 Shields
 * Level 8.6 Unarmed Combat
 + Level 1.0 Invocations
 + Level 0.1 Evocations


You had 9 spell levels left.
You didn't know any spells.
Your spell library was empty.

Dungeon Overview and Level Annotations

Branches:
Dungeon (9/15)             Temple (1/1) D:6
   Lair: D:8-11         Orc: D:9-12

Altars:
Ashenzari
Cheibriados
Dithmenos
Elyvilon
Fedhas
Gozag
Hepliaklqana
Kikubaaqudgha
Makhleb
Nemelex Xobeh
Okawaru
Qazlal
Ru
Sif Muna
Trog
Uskayaw
Vehumet
Wu Jian
Xom
Yredelemnul
Zin
The Shining One

Shops:
D:8 *

Annotations:
D:5 1 runed door, Wolly's ghost, novice TrFi
D:9 1 transporter


Innate Abilities, Weirdness & Mutations

You have hooves in place of feet.
Armour fits poorly on your strangely shaped body.
You cover ground very quickly.
You have extremely tough skin. (AC +3)


Message History

As you read the scroll of teleportation, it crumbles to dust.
You feel strangely unstable.
The centaur shoots an arrow.
The arrow completely misses you.
The centaur shoots an arrow.
The arrow hits you!
The shadow slips into darkness.
The shadow flickers and vanishes!
Deactivating autopickup; reactivate with Ctrl-A.
The centaur shoots an arrow.
The arrow hits you.
* * * LOW HITPOINT WARNING * * *
The centaur unwields an uncursed shortbow.
The centaur hits you but does no damage.
The centaur unwields an uncursed shortbow.
The centaur completely misses you.
You see here 3 arrows.
You hit the centaur but do no damage.
The centaur is severely wounded.
You feel like a meek peon again. The centaur completely misses you.
The centaur barely misses you.
The shadow strikes at you from the darkness!
You die...

################
........c@(...(#
###.####c##.####
?.....cc....#
##.####R###..#
.9ยง .... ..#
.#... #..# #...#
.... ... #...


You could see an efreet, a gargoyle and 4 centaurs.

Vanquished Creatures
  A troll (D:8)
  Grinder (D:6)
  3 hippogriffs
  A water moccasin (D:7)
  3 orc warriors
  2 ice beasts
  2 sky beasts (D:6)
  A black bear (D:8)
  An eye of draining (D:9)
  3 phantoms
  2 ogres (D:8)
  3 centaurs
  Blork the orc (D:6)
  A gnoll sergeant (D:6)
  A scorpion (D:4)
  9 killer bees
  2 howler monkeys
  7 wights
  3 crimson imps
  3 jellies
  A quasit (D:6)
  3 bullfrog skeletons
  An orc priest (D:3)
  2 hounds
  6 orc wizards
  2 centaur skeletons
  3 iguanas
  6 worker ants
  A hound zombie (D:5)
  A hound skeleton (D:4)
  A howler monkey zombie (D:6)
  12 gnolls
  9 adders
  2 shadow imps
  2 oozes
  An adder zombie (D:8)
  A worm (D:2)
  8 leopard geckos
  29 orcs
  5 giant cockroaches
  3 goblins
  4 hobgoblins
  17 jackals
  4 quokkas
  2 ball pythons
  6 bats
  8 frilled lizards
  A giant cockroach zombie (D:5)
  A jackal skeleton (D:8)
  10 kobolds
  2 quokka skeletons
  8 rats
212 creatures vanquished.

Vanquished Creatures (others)
  An orc wizard (D:5)
  2 plants (D:6)
3 creatures vanquished.

Grand Total: 215 creatures vanquished

Notes
Turn   | Place    | Note
-------+----------+-------------------------------------------
     0 | D:1      | wisprabbit the Centaur Hunter began the quest for the Orb.
     0 | D:1      | Reached XP level 1. HP: 17/17 MP: 1/1
   438 | D:1      | Reached XP level 2. HP: 24/24 MP: 2/2
   596 | D:1      | Reached skill level 6 in Bows
  1188 | D:2      | Reached XP level 3. HP: 28/29 MP: 3/3
  2007 | D:3      | Reached skill level 1 in Unarmed Combat
  2289 | D:3      | Reached XP level 4. HP: 37/37 MP: 4/4
  2815 | D:3      | Reached skill level 1 in Armour
  3153 | D:4      | Reached XP level 5. HP: 42/42 MP: 5/5
  3266 | D:4      | Reached skill level 7 in Bows
  3635 | D:4      | Reached XP level 6. HP: 50/50 MP: 6/6
  4240 | D:4      | Reached skill level 8 in Bows
  4280 | D:4      | Found an ancient bone altar of Kikubaaqudgha.
  4520 | D:5      | Entered Level 5 of the Dungeon
  4526 | D:5      | Noticed an ice beast
  4577 | D:5      | Noticed an orc warrior
  4734 | D:4      | Reached skill level 1 in Throwing
  4734 | D:4      | Reached XP level 7. HP: 46/56 MP: 5/7
  5423 | D:5      | Reached skill level 9 in Bows
  5947 | D:5      | Found a sacrificial altar of Ru.
  5959 | D:5      | Reached XP level 8. HP: 60/62 MP: 6/8
  6036 | D:5      | Reached skill level 5 in Unarmed Combat
  6316 | D:5      | Found a runed door.
  6319 | D:5      | Noticed Wolly's ghost (novice TrFi)
  6362 | D:6      | Found a staircase to the Ecumenical Temple.
  6369 | Temple   | Entered the Ecumenical Temple
  6473 | Temple   | Became a worshipper of Warmaster Okawaru
  7029 | D:6      | Reached skill level 10 in Bows
  7326 | D:6      | Noticed Grinder
  7495 | D:6      | Noticed Blork the orc
  7499 | D:6      | Noticed a hippogriff
  7697 | D:6      | Killed Blork the orc
  7717 | D:6      | Paralysed by Grinder for 3 turns
  7721 | D:6      | Killed Grinder
  7721 | D:6      | Reached * piety under Okawaru
  7721 | D:6      | Reached XP level 9. HP: 63/70 MP: 9/9
  8212 | D:6      | Reached skill level 11 in Bows
  9751 | D:8      | Found Bailil's General Store.
  9765 | D:8      | Bought the +1 cloak of Gecudiokk {rF+ MR+ Regen+ Dex-2} for 273 gold pieces
  9846 | D:8      | Reached ** piety under Okawaru
  9859 | D:8      | Found a hazy altar of Hepliaklqana.
 10076 | D:8      | Reached skill level 12 in Bows
 10120 | D:8      | Found an opulent altar of Gozag.
 10313 | D:9      | Noticed a troll
 10353 | D:8      | Killed a troll
 10353 | D:8      | Reached XP level 10. HP: 45/78 MP: 4/10
 10561 | D:9      | Reached skill level 1 in Invocations
 10563 | D:9      | Found a transporter.
 10642 | D:9      | Noticed a cyclops
 10735 | D:9      | You fall through a shaft for 2 floors!
 10748 | D:11     | Noticed a gargoyle
 10759 | D:11     | Slain by a shadow

Skill      XL: |  1  2  3  4  5  6  7  8  9 10 |
---------------+-------------------------------+-----
Bows           | 6 7 8 9 10 12 | 12.1
Unarmed Combat | 1 2 3 4 6 8 |  8.6
Armour         | 1 2 3 |  3.5
Dodging        | 2 3 4 |  4.1
Throwing       | 1 2 |  2.1
Fighting       | 3 4 |  4.4
Invocations    | 1 |  1.0
Stealth        | |  0.4
Shields        | |  0.3
Evocations     | |  0.1

Action                   |  1- 3 |  4- 6 |  7- 9 | 10-12 || total
-------------------------+-------+-------+-------+-------++-------
Melee: Unarmed           |   154 |   137 |   330 |    63 ||   684
       Kick              |    36 |    52 |   112 |    23 ||   223
       Punch             |       |     1 |     6 |     5 ||    12
       Short sword       |       |       |     5 |       ||     5
 Fire: Shortbow          |    10 |   104 |   204 |    15 ||   333
Throw: Stone             |     1 |    33 |    49 |     6 ||    89
Invok: Heroism           |       |       |     6 |     2 ||     8
Evoke: Wand              |       |       |       |     6 ||     6
  Use: Scroll            |     5 |     7 |     8 |     1 ||    21
       Potion            |       |       |     1 |       ||     1
 Stab: Confused          |       |     1 |       |       ||     1
       Invisible         |       |       |     1 |       ||     1
  Eat: Chunk             |     3 |     6 |    12 |     1 ||    22
       Ration            |       |       |     1 |       ||     1
Armor: Ring mail         |    38 |    22 |       |       ||    60
       Leather armour    |    15 |       |       |       ||    15
       Chain mail        |       |    27 |       |       ||    27
       Skin              |       |     2 |       |       ||     2
       Scale mail        |       |    15 |   170 |       ||   185
       Troll leather arm |       |       |       |    12 ||    12
Dodge: Dodged            |    48 |    56 |   126 |    57 ||   287
Block: Shield            |       |    13 |    10 |       ||    23
